 Dungeon Crawl Stone Soup version 0.29.1-12-g30fa7ad0bf (webtiles) character file.

Game seed: 16982434783062789971

20418 growler the Basher (level 12, -11/68 HPs)
             Began as a Demonspawn Wanderer on Jan 2, 2023.
             Was a Priest of Vehumet.
             Mangled by a rakshasa
             ... wielding a +0 trident
              (16 damage)
             ... on level 1 of the Abyss.
             The game lasted 00:48:57 (18936 turns).

growler the Basher (Demonspawn Wanderer)           Turns: 18936, Time: 00:48:58

Health: -11/68     AC: 20    Str: 17    XL:     12   Next: 45%
Magic:  0/15       EV: 11    Int: 14    God:    Vehumet [***...]
Gold:   811        SH:  0    Dex: 11    Spells: 18/21 levels left

rFire   . . .      SeeInvis +   l - +5 whip (protect)
rCold   . . .      Faith    .   (no shield)
rNeg    . . .      Spirit   +   w - +2 chain mail {rPois}
rPois   +          Reflect  .   o - +1 helmet
rElec   .          Harm     .   (no cloak)
rCorr   .          Rampage  .   f - +2 pair of gloves
Will    .....                   (no boots)
Stlth   ..........              p - amulet of guardian spirit
HPRegen 0.21/turn               E - +4 ring of evasion
MPRegen 0.14/turn               v - ring of see invisible

@: under a protective aura, unable to read, unable to drink
A: hooves 2, foul stench 2, powered by pain 1, big brain 2, clumsy 1, [deformed
body], [deterioration 2], [dopey 2], [frail 2], [low MP 2], [screaming 2],
[inability to drink after injury 2], [inability to read after injury 2]
a: Renounce Religion


You were on level 1 of the Abyss.
You worshipped Vehumet.
Vehumet was most pleased with you.
You visited 3 branches of the dungeon, and saw 16 of its levels.
You visited the Abyss 1 time.

You collected 811 gold pieces.

Inventory:

Hand Weapons
 a - a +2 short sword
 c - a +4 morningstar of flaming
 l - a +5 whip of protection (weapon)
Missiles
 J - 3 throwing nets
 R - a javelin (quivered)
 U - 2 silver javelins
Armour
 f - a +2 pair of gloves (worn)
 o - a +1 helmet (worn)
 q - a +0 kite shield
 w - a +2 chain mail of poison resistance (worn)
 O - the +18 shield of the Gong {rElec rN+ Will+ EV-5}
   (You found it on level 8 of the Dungeon)

   It is deafeningly noisy when blocking attacks.
   EV:        It affects your evasion (-5).
   rElec:     It insulates you from electricity.
   rN:        It protects you from negative energy.
   Will:      It increases your willpower.
Jewellery
 i - a ring of flight
 p - an amulet of guardian spirit (around neck)
 v - a ring of see invisible (right hand)
 E - a +4 ring of evasion (left hand)
 G - a +4 ring of evasion
Wands
 t - a wand of polymorph (28)
 C - a wand of paralysis (6)
 F - a wand of mindburst (6)
 K - a wand of flame (7)
 S - a wand of digging (7)
 T - a wand of quicksilver (9)
Scrolls
 b - a scroll of summoning {unknown}
 d - 6 scrolls of blinking
 e - a scroll of torment
 j - 8 scrolls of teleportation
 n - 3 scrolls of enchant armour
 r - 4 scrolls of immolation
 u - a scroll of magic mapping
 y - 2 scrolls of fog
 H - a scroll of noise
 L - 2 scrolls of amnesia
 M - 2 scrolls of brand weapon
 N - 2 scrolls of poison
 P - 2 scrolls of fear
 V - 3 scrolls of enchant weapon
 W - a scroll of acquirement {unknown}
Potions
 g - 9 potions of curing
 h - 3 potions of attraction
 k - a potion of berserk rage
 m - 2 potions of brilliance
 s - 4 potions of heal wounds
 x - 2 potions of lignification
 z - 2 potions of cancellation
 A - 2 potions of might
 B - 3 potions of resistance
 D - a potion of mutation
 I - a potion of invisibility
 Q - 2 potions of ambrosia


   Skills:
 - Level 5.0 Fighting
 - Level 4.0 Short Blades
 - Level 12.6 Maces & Flails
 - Level 2.6 Polearms
 - Level 6.0 Armour
 - Level 5.0 Shields
 - Level 5.0 Spellcasting
 + Level 6.3 Conjurations
 + Level 6.1 Air Magic
 - Level 5.0 Poison Magic


You had 18 spell levels left.
You knew the following spells:

 Your Spells              Type           Power      Damage    Failure   Level
a - Mephitic Cloud        Conj/Pois/Air  19%        N/A       16%         3

Your spell library contained the following spells:

 Spells                   Type           Power      Damage    Failure   Level
 Searing Ray              Conj           42%        2d6       7%          2
 Ignite Poison            Fire/Tmut/Pois 8%         N/A       61%         3
 Beastly Appendage        Tmut           6%         N/A       91%         1
 Necrotise                Necr           12%        1d4       91%         1
 Summon Small Mammal      Summ           12%        N/A       91%         1
 Freezing Cloud           Conj/Ice/Air   7%         6-21      92%         5
 Spider Form              Tmut/Pois      10%        N/A       93%         3
 Sublimation of Blood     Necr           3%         N/A       97%         2
 Wereblood                Tmut           3%         N/A       97%         2
 Irradiate                Conj/Tmut      6%         3d13      97%         5
 Summon Lightning Spire   Summ/Air       12%        N/A       99%         4
 Vampiric Draining        Necr           3%         2d6       100%        3
 Petrify                  Tmut/Erth      3%         N/A       100%        4
 Agony                    Necr           3%         N/A       100%        5
 Summon Forest            Summ/Tloc      1%         N/A       100%        5
 Eringya's Noxious Bog    Tmut/Pois      5%         N/A       100%        6
 Storm Form               Tmut/Air       6%         N/A       100%        7
 Summon Hydra             Summ           1%         N/A       100%        7
 Maxwell's Capacitive Co  Air            10%        ∞         100%        8


Dungeon Overview and Level Annotations

Branches:
Dungeon (12/15)            Temple (1/1) D:6            Lair (3/5) D:10
 Shoals (0/4) Lair:3       Spider (0/4) Lair:2
    Orc: D:9-12

Altars:
Ashenzari
Cheibriados
Dithmenos
Fedhas
Gozag
Kikubaaqudgha
Makhleb
Nemelex Xobeh
Okawaru
Qazlal
Sif Muna
Trog
Uskayaw
Vehumet
Wu Jian
Xom
Yredelemnul
Lugonu

Shops:
D:11 [

Annotations:
D:3 1 runed translucent door, Crazy Yiuf
Lair:3 Sonja


Innate Abilities, Weirdness & Mutations

You have hoof-like feet.
You sometimes emit foul miasma when damaged in melee.
You sometimes gain a little power by taking damage.
You have an extremely huge brain. (Int +4)
You are clumsy. (Dex -2)
[Armour fits poorly on your strangely shaped body.]
[Your body often deteriorates upon taking damage.]
[You are very dopey. (Int -4)]
[You are very frail. (-20% HP)]
[Your magical capacity is very low. (-20% MP)]
[You frequently scream uncontrollably at your foes.]
[You sometimes lose the ability to drink potions when taking damage.]
[You sometimes lose the ability to read scrolls when taking damage.]


Message History

* * * LOW HITPOINT WARNING * * *
You stumble backwards!
The neqoxec gestures at you.
Strange energies course through your body.
You feel clumsy.
You are suddenly pulled into a different region of the Abyss!
Found a gateway leading deeper into the Abyss.
There is a gateway leading deeper into the Abyss here.
You start resting.
You can drink potions again.
You start resting.
You can read scrolls again.
You start resting.
A rakshasa comes into view. It is wielding a +0 trident.
A rakshasa is nearby!
You start resting.
A rakshasa is nearby!
You hit the rakshasa.
Your weapon exudes an aura of protection.
The rakshasa is lightly wounded.
You whack the rakshasa! You kick the rakshasa.
The rakshasa is moderately wounded.
The rakshasa hits you with a +0 trident!
You feel threatened and lose the ability to read scrolls!
You feel threatened and lose the ability to drink potions!
* * * LOW HITPOINT WARNING * * *
Unknown command.
You miss the rakshasa. Your kick misses the rakshasa.
The rakshasa is moderately wounded.
You hit the rakshasa but do no damage. Your kick misses the rakshasa.
The rakshasa is moderately wounded.
The rakshasa hits you with a +0 trident.
* * * LOW HITPOINT WARNING * * *
You emit a cloud of foul miasma!
You hit the rakshasa. You kick the rakshasa.
The rakshasa is moderately wounded.
You barely miss the rakshasa.
The rakshasa is moderately wounded.
The rakshasa hits you with a +0 trident!!
You die...

###
#@#
###R.#
>## .#
#.
.###
.. . .
. # ##


You could see a rakshasa.

Vanquished Creatures
  Harold (D:9)
  A boulder beetle (D:11)
  A hydra (Lair:3)
  5 two-headed ogres
  A wretched star (Abyss:1)
  A deep elf pyromancer (D:10)
  A manticore (D:11)
  A cyclops (D:11)
  Maurice (D:9)
  2 vault sentinels (D:8)
  A cane toad (Lair:2)
  An unseen horror (D:11)
  2 komodo dragons (Lair:2)
  2 trolls
  A polar bear (Lair:2)
  3 hornets
  5 dream sheep (Lair:2)
  5 wyverns
  Sigmund (D:3)
  3 wraiths (D:11)
  Eustachio (D:4)
  17 yaks
  3 steam dragons
  4 vampire mosquitoes (D:10)
  A basilisk (D:11)
  3 wargs (D:10)
  4 water moccasins
  2 orc warriors
  An ice beast (D:6)
  A black bear (Lair:2)
  4 centaurs
  6 wolves (Lair:2)
  A kobold brigand (D:8)
  2 phantoms
  6 bullfrogs
  2 gnoll sergeants
  6 scorpions
  A necrophage (D:7)
  3 wights (D:8)
  7 killer bees
  A howler monkey (D:6)
  An electric eel (D:9)
  A hound (D:4)
  3 jellies
  5 orc priests
  4 gnoll boudas
  3 iron imps (D:4)
  Ijyb (D:3)
  Terence (D:3)
  An iguana (D:5)
  9 orc wizards
  4 hell rats (Lair:2)
  Robin (D:2)
  9 adders
  26 gnolls
  2 white imps (D:5)
  4 ufetubi
  3 worms
  3 dart slugs
  32 orcs
  7 bats
  6 endoplasms
  4 giant cockroaches
  12 goblins
  7 hobgoblins
  3 jackals (D:1)
  3 kobolds
  2 quokkas (D:3)
  6 ball pythons
  7 frilled lizards
  A goblin zombie (D:8)
  4 rats
290 creatures vanquished.

Vanquished Creatures (others)
  2 fungi (D:2)
  5 plants
7 creatures vanquished.

Grand Total: 297 creatures vanquished

Notes
Turn   | Place    | Note
-------+----------+-------------------------------------------
     0 | D:1      | growler the Demonspawn Wanderer began the quest for the
                  | Orb.
     0 | D:1      | growler set off with the following items: a +2 short sword,
                  | a +0 spear, a +0 scale mail, a scroll of blinking.
     0 | D:1      | Reached XP level 1. HP: 16/16 MP: 2/2
   183 | D:1      | Gained mutation: You have large cloven feet. [demonic
                  | ancestry]
   183 | D:1      | Reached XP level 2. HP: 20/22 MP: 3/3
   412 | D:1      | Reached XP level 3. HP: 20/27 MP: 4/4
   927 | D:2      | Reached skill level 1 in Maces & Flails
   983 | D:2      | Gained mutation: You have hoof-like feet. [demonic
                  | ancestry]
   983 | D:2      | Reached XP level 4. HP: 31/33 MP: 5/5
  1032 | D:2      | Found a faded altar of an unknown god.
  1064 | D:2      | Got Plato's Atlas of Generation
  1236 | D:2      | Noticed Robin
  1238 | D:2      | Reached skill level 2 in Maces & Flails
  1243 | D:2      | Killed Robin
  1995 | D:3      | Noticed Ijyb
  2039 | D:3      | Killed Ijyb
  2040 | D:3      | Reached skill level 3 in Maces & Flails
  2040 | D:3      | Gained mutation: You may rarely emit foul miasma when
                  | damaged in melee. [demonic ancestry]
  2040 | D:3      | Reached XP level 5. HP: 18/38 MP: 3/6
  2310 | D:3      | Noticed Sigmund
  2323 | D:3      | Killed Sigmund
  2324 | D:3      | Reached skill level 4 in Maces & Flails
  2324 | D:3      | Reached XP level 6. HP: 30/44 MP: 3/7
  2427 | D:3      | Noticed Terence
  2448 | D:3      | Killed Terence
  2777 | D:3      | Reached skill level 5 in Maces & Flails
  3112 | D:3      | Found a runed translucent door.
  3113 | D:3      | Noticed Crazy Yiuf
  3691 | D:4      | Found a burning altar of Makhleb.
  3799 | D:4      | Found a snail-covered altar of Cheibriados.
  3832 | D:4      | Reached skill level 6 in Maces & Flails
  3832 | D:4      | Gained mutation: You have an unusually large brain. (Int
                  | +2) [demonic ancestry]
  3832 | D:4      | Reached XP level 7. HP: 47/50 MP: 8/8
  4307 | D:4      | Noticed Eustachio
  4321 | D:4      | Killed Eustachio
  4322 | D:4      | Reached skill level 7 in Maces & Flails
  4556 | D:4      | You are sucked into a shaft and drop 1 floor!
  4556 | D:5      | Entered Level 5 of the Dungeon
  4774 | D:5      | Gained mutation: You sometimes emit foul miasma when
                  | damaged in melee. [demonic ancestry]
  4774 | D:5      | Reached XP level 8. HP: 54/56 MP: 9/9
  4802 | D:5      | Reached skill level 8 in Maces & Flails
  5293 | D:5      | Reached skill level 9 in Maces & Flails
  5811 | D:6      | Found a shimmering altar of Xom.
  5856 | D:6      | Found an ancient bone altar of Kikubaaqudgha.
  6046 | D:6      | Reached skill level 10 in Maces & Flails
  6251 | D:6      | Found a radiant altar of Vehumet.
  6346 | D:6      | Found a staircase to the Ecumenical Temple.
  6397 | D:6      | Found a shimmering blue altar of Sif Muna.
  6397 | D:6      | Found an iron altar of Okawaru.
  6425 | Temple   | Entered the Ecumenical Temple
  6498 | D:6      | Became a worshipper of Vehumet
  6530 | D:6      | Gained mutation: You sometimes gain a little power by
                  | taking damage. [demonic ancestry]
  6530 | D:6      | Reached XP level 9. HP: 46/61 MP: 7/10
  7041 | D:7      | Reached skill level 11 in Maces & Flails
  7934 | D:8      | Reached * piety under Vehumet
  7934 | D:8      | Offered knowledge of Sandblast by Vehumet.
  8111 | D:8      | Noticed a two-headed ogre
  8122 | D:8      | Killed a two-headed ogre
  8123 | D:8      | Reached skill level 12 in Maces & Flails
  8461 | D:8      | Reached XP level 10. HP: 68/68 MP: 10/12
  9167 | D:8      | Noticed a vault sentinel
  9167 | D:8      | Noticed a vault sentinel
  9217 | D:8      | Killed a vault sentinel
  9232 | D:8      | Killed a vault sentinel
  9406 | D:8      | Found the +18 shield of the Gong {rElec rN+ Will+ EV-5}
  9930 | D:8      | Identified the +0 ring mail "Tifuph" {Drain Will++ Regen+
                  | SInv}
 10009 | D:8      | Found a sparkling altar of Nemelex Xobeh.
 10483 | D:8      | Learned a level 3 spell: Mephitic Cloud
 10605 | D:8      | Offered knowledge of Freeze by Vehumet.
 10606 | D:8      | Reached skill level 5 in Fighting
 10607 | D:8      | Reached ** piety under Vehumet
 10732 | D:9      | Reached skill level 5 in Spellcasting
 10772 | D:9      | Reached skill level 1 in Conjurations
 10772 | D:9      | Reached skill level 1 in Poison Magic
 11159 | D:9      | Noticed Maurice
 11170 | D:9      | Found a broken altar of Ashenzari.
 11209 | D:9      | Killed Maurice
 11515 | D:9      | Reached XP level 11. HP: 48/79 MP: 18/18
 11783 | D:9      | Noticed Harold
 11938 | D:9      | Killed Harold
 11939 | D:9      | Reached skill level 5 in Conjurations
 11939 | D:9      | Reached skill level 5 in Poison Magic
 12263 | D:9      | Found an opulent altar of Gozag.
 12525 | D:10     | Entered Level 10 of the Dungeon
 12623 | D:10     | Noticed a two-headed ogre
 12655 | D:10     | Killed a two-headed ogre
 12887 | D:10     | Found a staircase to the Lair.
 13089 | D:10     | Noticed a deep elf pyromancer
 13103 | D:10     | Killed a deep elf pyromancer
 13314 | D:10     | Offered knowledge of Searing Ray by Vehumet.
 13328 | D:10     | Reached skill level 5 in Armour
 13893 | D:11     | Noticed a boulder beetle
 14101 | D:11     | Reached skill level 1 in Shields
 14101 | D:11     | Reached skill level 1 in Air Magic
 14220 | D:11     | Noticed a two-headed ogre
 14231 | D:11     | Killed a two-headed ogre
 14403 | D:11     | Noticed a two-headed ogre
 14413 | D:11     | Killed a two-headed ogre
 14847 | D:11     | Killed a boulder beetle
 15244 | D:11     | Gained mutation: You have an extremely huge brain. (Int +4)
                  | [demonic ancestry]
 15244 | D:11     | Reached XP level 12. HP: 68/86 MP: 14/19
 15386 | D:11     | Found Ostet's Armour Emporium.
 15567 | D:12     | Noticed a two-headed ogre
 15579 | D:12     | Killed a two-headed ogre
 15734 | Lair:1   | Entered Level 1 of the Lair of Beasts
 16806 | Lair:2   | Found a hole to the Spider Nest.
 16959 | Lair:2   | Found a hide-covered altar of Uskayaw.
 16987 | Lair:2   | Reached skill level 5 in Shields
 16987 | Lair:2   | Reached skill level 5 in Air Magic
 17010 | Lair:2   | Reached *** piety under Vehumet
 18708 | Lair:3   | Noticed a four-headed hydra
 18710 | Lair:3   | Noticed Sonja
 18725 | Lair:3   | Killed a four-headed hydra
 18727 | Abyss:1  | Cast into level 1 of the Abyss (Sonja)
 18874 | Abyss:1  | HP: 4/86 [thrashing horror (5)]
 18876 | Abyss:1  | Gained mutation: You are clumsy. (Dex -2) [a neqoxec]
 18928 | Abyss:1  | Noticed a rakshasa
 18936 | Abyss:1  | Mangled by a rakshasa

Illustrated notes

Levels and vault maps discovered:
D:1:      eino_arrival_water_star, layout_loops_ring
D:2:      layout_basic, shapermc_ecumenical_altar_rom_forum, uniq_robin
D:3:      minmay_wonky_spiral, layout_basic, uniq_crazy_yiuf_cottage,
          uniq_sigmund, uniq_ijyb, uniq_terence
D:4:      layout_basic, mainiacjoe_overflow_surrounded_room, demons_altar,
          serial_park_tiny_2, wad_floor_pattern_untrapped, uniq_eustachio
D:5:      layout_basic
D:6:      layout_rooms, mainiacjoe_overflow_boulevard,
          chequers_temple_overflow_minitemple, nicolae_overflow_crystal_walls,
          nicolae_kikubaaqudgha_miasma_corner, temple_green
D:7:      layout_cave_pools
D:8:      layout_basic, nemelex_diamond_rough_becter,
          lemuel_coloured_pillars_altar, enter_ossuary_3,
          hellmonk_guarded_unrand_gong
D:9:      layout_big_octagon, mainiacjoe_overflow_paths,
          mainiacjoe_overflow_six_doors_small, minmay_increasing_density,
          uniq_harold, uniq_maurice
D:10:     layout_long_grid, erik_lair_orcish_takeover
D:11:     layout_roguey, serial_shops, nicolae_lakefront_shop
D:12:     minmay_distorted_concentric_squares, layout_basic, david_orc_2,
          serial_shops, nicolae_shop_overgrown_old_shop, shop, shop,
          nicolae_shop_waterfront, serial_glass, glass_columns_c,
          glass_columns_a, glass_columns_a, glass_columns_a, glass_columns_c,
          glass_columns_a, chequers_serial_rivers_micro_e
Temple:   corrupted_temple
Lair:1:   layout_chaotic_city
Lair:2:   layout_layer_cave, spider_nest_entry_web_field, basic_altar,
          st_stairs_10
Lair:3:   cheibrodos_lair_river_kwai, layout_hall_layers,
          elwin_shoals_entry_stream, uniq_sonja, uniq_snorg
Abyss:1:  base:
Temple

Skill      XL: |  1  2  3  4  5  6  7  8  9 10 11 12 |
---------------+-------------------------------------+-----
Short Blades   | 3 4 |  4.0
Maces & Flails | 1 3 4 6 7 10 12 | 12.6
Spellcasting   | 5 |  5.0
Fighting       | 5 |  5.0
Conjurations   | 4 5 6 |  6.3
Poison Magic   | 4 5 |  5.0
Armour         | 6 |  6.0
Shields        | 3 5 |  5.0
Air Magic      | 3 6 |  6.1
Polearms       | |  2.6

Action                   |  1- 3 |  4- 6 |  7- 9 | 10-12 || total
-------------------------+-------+-------+-------+-------++-------
Melee: Short sword       |   101 |   122 |       |       ||   223
       Kick              |    21 |    49 |   111 |   318 ||   499
       Punch             |       |     1 |     4 |    12 ||    17
       Whip              |       |   106 |   381 |   816 ||  1303
Throw: Javelin           |       |       |     2 |     8 ||    10
       Dart              |       |       |     1 |       ||     1
 Cast: Mephitic Cloud    |       |       |       |     1 ||     1
Evoke: Wand              |       |       |       |     6 ||     6
  Use: Scroll            |       |     5 |     2 |    21 ||    28
       Potion            |       |       |       |     1 ||     1
 Stab: Paralysed         |       |       |       |     5 ||     5
       Confused          |       |       |       |     1 ||     1
Armor: Scale mail        |    54 |    54 |       |       ||   108
       Chain mail        |       |    33 |   202 |   300 ||   535
Dodge: Dodged            |    45 |    62 |    83 |   252 ||   442
